AoeStats
← Pet Wussy

Arabia

510115019Analyzed
1v1 RM · 4d ago on Sep 29, 2026· 55m 5s· 2 players
Game mode
Random Map
Map size
Tiny (2 player)
Population
200
Speed
Normal
Resources
Standard
Victory
Conquest
Starting age
Dark Age
Ending age
Imperial Age
RankedLock teamsTeams togetherTeam positionsShared explorationLock speedFull tech treeHidden civsTurbo modeCheats
Victory
Defeat
🇨🇳 Magyars · China
835
+16
🇩🇰 Celts · Denmark
840
-16
80后神登
1:45 Loom
11:45 Feudal Age
12:45 Man-at-Arms
16:18 Arson
16:59 Fletching
21:16 Padded Archer Armor
22:36 Bloodlines
27:22 Castle Age
26:01 Double-Bit Axe
26:00 Horse Collar
28:47 Scale Barding Armor
28:12 Light Cavalry
28:38 Crossbowman
28:51 Pikeman
33:22 Husbandry
34:10 Wheelbarrow
33:22 Town Watch
33:47 Scale Barding Armor
35:14 Bodkin Arrow
35:42 Thumb Ring
37:20 Leather Archer Armor
37:54 Chain Barding Armor
46:18 Scale Mail Armor
48:02 Hand Cart
47:48 Town Patrol
50:45 Heavy Plow
50:59 Bow Saw
51:06 Treadmill Crane
51:51 Chain Mail Armor
54:09 Imperial Age
52:23 Corvinian Army
54:53 Cavalier
Pet Wussy
7:55 Loom
11:56 Feudal Age
13:00 Double-Bit Axe
18:01 Wheelbarrow
17:15 Man-at-Arms
23:01 Horse Collar
27:12 Castle Age
26:54 Forging
29:07 Bow Saw
29:13 Scale Mail Armor
29:58 Pikeman
30:28 Elite Skirmisher
31:56 Gambesons
41:48 Wheelbarrow
47:26 Iron Casting
46:45 Gold Mining
52:17 Imperial Age
50:22 Stronghold
52:46 Chain Mail Armor
53:24 Conscription
54:43 Halberdier
Connection lost

Rejoining the realm…

Still unreachable

The connection could not be restored.

Session expired

The server has moved on; the page needs a fresh start.